 Dungeon Crawl Stone Soup version bcrawl-1.12-8-g964540c432 (webtiles) character file.

Game seed: 8176765619828490543

27 MisterOstroum the Skirmisher (level 2, -2/24 HPs)
             Began as a Demonspawn Chaos Knight on June 9, 2019.
             Slain by a leopard gecko (4 damage)
             ... on level 2 of the Dungeon.
             The game lasted 00:02:20 (1114 turns).

MisterOstroum the Skirmisher (DsCK)                 Turns: 1114, Time: 00:02:20

Health: -2/24      AC:  5    Str: 12    XL:     2   Next: 93%
Magic:  2/2        EV: 11    Int: 13    God:
Gold:   42         SH:  0    Dex: 12    Spells: 1/1 levels left

rFire    . . .     SeeInvis .   a - +0 spear (chaos)
rCold    . . .     Gourm    .   (no shield)
rNeg     . . .     Faith    .   b - +2 leather armour
rPois    .         Spirit   .   (no helmet)
rElec    .         Reflect  .   (no cloak)
rCorr    .         Harm     .   (no gloves)
MR       .....                  (no boots)
Stlth    +.........             (no amulet)
HPRegen  0.08/turn              (no ring)
MPRegen  0.08/turn              (no ring)

@: no status effects
A: powered by death 1
a: no special abilities


You were on level 2 of the Dungeon.
You were not hungry.

You visited 1 branch of the dungeon, and saw 2 of its levels.

You collected 42 gold pieces.

Inventory:

Hand Weapons
 a - a +0 spear of chaos (weapon)
 d - a +0 whip
Missiles
 l - 308 stones (quivered)
Armour
 b - a +2 leather armour (worn)
Scrolls
 c - a scroll of enchant weapon {unknown}
 g - 3 scrolls of identify {unknown}
 h - 2 scrolls of teleportation {unknown}
Potions
 f - 2 potions of agility {unknown}
 i - a potion of curing {unknown}
 j - a potion of flight {unknown}
 m - a potion of heal wounds {unknown}
Comestibles
 e - 4 rations {!d}
 k - 4 chunks of flesh


   Skills:
 + Level 3.6 Fighting
 + Level 3.2 Polearms
 - Level 1.7 Armour
 - Level 0.8 Dodging


You had one spell level left.
You didn't know any spells.
Your spell library was empty.

Dungeon Overview and Level Annotations

Branches:
Dungeon (2/12)

Altars:


Innate Abilities, Weirdness & Mutations

You regenerate a little health from kills.


Message History

You throw a stone.
The stone hits the leopard gecko but does no damage.
The leopard gecko hisses angrily.
Throwing (i - inventory)
l - 311 stones (quivered)
Press: ? - help, Shift-Dir - straight line, f/p - leopard gecko
Aim: a leopard gecko You throw a stone.
The stone hits the leopard gecko.
The leopard gecko is moderately wounded.
Throwing (i - inventory)
l - 310 stones (quivered)
Press: ? - help, Shift-Dir - straight line, f/p - leopard gecko
Aim: a leopard gecko (moderately wounded)
You throw a stone.
The stone closely misses the leopard gecko.
Throwing (i - inventory)
l - 309 stones (quivered)
Press: ? - help, Shift-Dir - straight line, f/p - leopard gecko
Aim: a leopard gecko (moderately wounded)
You throw a stone.
The stone closely misses the leopard gecko.
Attack whom?
Press: ? - help, Dir - move target cursor, f/p - leopard gecko
Aim: a leopard gecko (moderately wounded)
You reach to attack!
You barely miss the leopard gecko.
The leopard gecko is moderately wounded.
The leopard gecko bites you.
You barely miss the leopard gecko.
The leopard gecko is moderately wounded.
The leopard gecko bites you.
You closely miss the leopard gecko.
The leopard gecko is moderately wounded.
The leopard gecko barely misses you.
You closely miss the leopard gecko.
The leopard gecko is moderately wounded.
The leopard gecko bites you.
You are too injured to fight recklessly!
You are too injured to fight recklessly!
You are too injured to fight recklessly!
You are too injured to fight recklessly!
You are too injured to fight recklessly!
You are too injured to fight recklessly!
You are too injured to fight recklessly!
You are too injured to fight recklessly!
You are too injured to fight recklessly!
You are too injured to fight recklessly!
You are too injured to fight recklessly!
You are too injured to fight recklessly!
You are too injured to fight recklessly!
You are too injured to fight recklessly!
You are too injured to fight recklessly!
You are too injured to fight recklessly!
You are too injured to fight recklessly!
You are too injured to fight recklessly!
You are too injured to fight recklessly!
You are too injured to fight recklessly!
You are too injured to fight recklessly!
You are too injured to fight recklessly!
You are too injured to fight recklessly!
You are too injured to fight recklessly!
You are too injured to fight recklessly!
You are too injured to fight recklessly!
You are too injured to fight recklessly!
You are too injured to fight recklessly!
You are too injured to fight recklessly!
You are too injured to fight recklessly!
You are too injured to fight recklessly!
A leopard gecko is nearby!
A leopard gecko is nearby!
You barely miss the leopard gecko.
The leopard gecko is moderately wounded.
The leopard gecko bites you.
You closely miss the leopard gecko.
The leopard gecko is moderately wounded.
The leopard gecko bites you.
You closely miss the leopard gecko.
The leopard gecko is moderately wounded.
The leopard gecko bites you.
* * * LOW HITPOINT WARNING * * *
You closely miss the leopard gecko.
The leopard gecko is moderately wounded.
The leopard gecko barely misses you. The leopard gecko bites you.
* * * LOW HITPOINT WARNING * * *
Press: ? - help, v - describe, . - travel
Here: a leopard gecko (moderately wounded, clinging)
The floor.
You barely miss the leopard gecko.
The leopard gecko is moderately wounded.
The leopard gecko barely misses you.
You closely miss the leopard gecko.
The leopard gecko is moderately wounded.
The leopard gecko closely misses you.
You hit the leopard gecko but do no damage.
The leopard gecko is moderately wounded.
The leopard gecko misses you.
You hit the leopard gecko but do no damage.
The leopard gecko is moderately wounded.
The leopard gecko closely misses you.
You miss the leopard gecko.
The leopard gecko is moderately wounded.
The leopard gecko bites you.
You die...

....#..#....
...........
.........#
#.......#
#.......####+#
#.............
#.............
#....l........ .
###.@###...... ..#
#.รท# ..... ..
#..# .... .. #..#
... ..
#+#######..# >.
.######..........#
.
.#.........#####.#
.'.........'.....#
.#.........#######


You could see a leopard gecko.

Vanquished Creatures
  3 leopard geckos (D:1)
  A goblin (D:1)
  5 hobgoblins
  3 kobolds
  3 bats
  2 frilled lizards (D:1)
  7 rats
24 creatures vanquished.

Notes
Turn   | Place    | Note
-------+----------+-------------------------------------------
     0 | D:1      | MisterOstroum the Demonspawn Chaos Knight began the quest
                  | for the Orb.
     0 | D:1      | Reached XP level 1. HP: 18/18 MP: 1/1
     0 | D:1      | Fell from the grace of Xom
   153 | D:1      | Gained mutation: You regenerate a little health from kills.
                  | [demonic ancestry]
   153 | D:1      | Reached XP level 2. HP: 16/24 MP: 2/2
   513 | D:1      | XOM: medium Hex miscast
  1108 | D:2      | HP: 1/24 [leopard gecko (4)]
  1114 | D:2      | Slain by a leopard gecko

Skill      XL: |  1 |
---------------+----+-----
Polearms       | 3 |  3.2
Fighting       | |  3.6
Armour         | |  1.7
Dodging        | |  0.8

Action                   || total
-------------------------++-------
Melee: Spear             ||   116
Throw: Stone             ||    11
Invok: Renounce Religion ||     1
 Stab: Sleeping          ||     1
  Eat: Chunk             ||     1
Armor: Leather armour    ||    35
Dodge: Dodged            ||    62
